 Dungeon Crawl Stone Soup version 0.29-a0-330-g52719c12eb (webtiles) character file.

Game seed: 14054047956885215818

1541 kae the Arsonist (level 8, 0/57 HPs)
             Began as a Demigod Fire Elementalist on Apr 28, 2022.
             Succumbed to a water moccasin's poison
             ... on level 6 of the Dungeon.
             The game lasted 00:04:48 (5616 turns).

kae the Arsonist (Demigod Fire Elementalist)        Turns: 5616, Time: 00:04:49

Health: 0/57       AC:  3    Str:  9    XL:     8   Next: 31%
Magic:  3/20       EV: 12    Int: 25    God:
Gold:   214        SH:  0    Dex: 14    Spells: 6/19 levels left

rFire   . . .      SeeInvis .   (no weapon)
rCold   . . .      Faith    .   (no shield)
rNeg    . . .      Spirit   .   a - +0 robe
rPois   .          Reflect  .   (no helmet)
rElec   .          Harm     .   (no cloak)
rCorr   .          Rampage  .   m - +0 pair of gloves
Will    .....                   (no boots)
Stlth   ++........              (no amulet)
HPRegen 0.19/turn               (no ring)
MPRegen 0.17/turn               (no ring)

@: lethally poisoned (0 -> -33)
A: high MP 1, forlorn, divine attributes
a: no special abilities


You were on level 6 of the Dungeon.
You visited 1 branch of the dungeon, and saw 6 of its levels.

You collected 214 gold pieces.

Inventory:

Missiles
 i - a throwing net
Armour
 a - a +0 robe (worn)
 h - +0 fire dragon scales
 m - a +0 pair of gloves (worn)
Wands
 f - a wand of paralysis (3)
Scrolls
 e - a scroll of blinking
 n - 5 scrolls of teleportation
Potions
 b - a potion of magic
 c - 3 potions of heal wounds
 d - 2 potions of curing {unknown}
 g - 2 potions of mutation {unknown}
 j - 3 potions of resistance {unknown}
 k - a potion of ambrosia {unknown}
 o - a potion of brilliance {unknown}
 p - a potion of might {unknown}
 q - a potion of lignification {unknown}
 r - a potion of degeneration {unknown}


   Skills:
 + Level 2.1 Armour
 - Level 1.7 Dodging
 - Level 1.7 Stealth
 - Level 6.1 Spellcasting
 - Level 8.0 Conjurations
 - Level 8.0 Fire Magic


You had 6 spell levels left.
You knew the following spells:

 Your Spells              Type           Power      Damage    Failure   Level
a - Foxfire               Conj/Fire      100%       2x1d9     1%          1
b - Scorch                Fire           94%        2d10      1%          2
c - Conjure Flame         Conj/Fire      47%        6-21      1%          3
d - Inner Flame           Hex/Fire       27%        N/A       4%          3
e - Flame Wave            Conj/Fire      47%        2d10      2%          4

Your spell library contained the following spells:

 Spells                   Type           Power      Damage    Failure   Level
 Blink                    Tloc           14%        N/A       11%         2
 Sublimation of Blood     Necr           7%         N/A       11%         2
 Wereblood                Tmut           7%         N/A       11%         2
 Gell's Gravitas          Tloc           7%         N/A       22%         3
 Lesser Beckoning         Tloc           7%         N/A       22%         3
 Teleport Other           Tloc           7%         N/A       22%         3
 Manifold Assault         Tloc           7%         N/A       90%         5
 Summon Hydra             Summ           3%         N/A       100%        7


Dungeon Overview and Level Annotations

Branches:
Dungeon (6/15)             Temple (0/1) D:5


Innate Abilities, Weirdness & Mutations

You have an increased reservoir of magic. (+10% MP)
You shall have no god before yourself.
Your divine heritage dramatically boosts your attributes as you level up.


Message History

The water moccasin is moderately wounded.
Casting: Foxfire (safe; 1% risk of failure)
Confirm with . or Enter, or press ? or * to list all spells.
You can't see any susceptible monsters within range! (Use Z to cast anyway.)
Casting: Foxfire (safe; 1% risk of failure)
Confirm with . or Enter, or press ? or * to list all spells.
You conjure some foxfire!
The foxfire hits the water moccasin.
The water moccasin is lightly wounded.
A water moccasin comes into view.
The foxfire hits the water moccasin.
The water moccasin is heavily wounded.
The water moccasin bites you!
You are poisoned.
The water moccasin poisons you!
Casting: Foxfire (safe; 1% risk of failure)
Confirm with . or Enter, or press ? or * to list all spells.
Flames lash the water moccasin.
The water moccasin is severely wounded.
The water moccasin's fire resistance burns away.
You feel very sick. The water moccasin barely misses you.
The water moccasin bites you!
You are more poisoned.
The water moccasin poisons you!
You feel very sick. The water moccasin bites you.
The water moccasin closely misses you. The water moccasin barely misses you.
Casting: Scorch (safe; 1% risk of failure)
Confirm with . or Enter, or press ? or * to list all spells.
Flames lash the water moccasin.
The water moccasin is severely wounded.
The water moccasin's fire resistance burns away.
* * * LOW HITPOINT WARNING * * *
You feel very sick. The water moccasin bites you.
* * * LOW HITPOINT WARNING * * *
The water moccasin bites you.
* * * LOW HITPOINT WARNING * * *
You are more poisoned.
The water moccasin poisons you! The water moccasin closely misses you.
You die...

...# .... #
##..# .#
.... .#
######.)#..#
........#.#
......))S.#
#@# #S†#
#.## #<# #.#
#.# ..# ##.


You could see 2 water moccasins.

Vanquished Creatures
  Pikel (D:3)
  2 black bears
  An ogre (D:2)
  A phantom (D:4)
  2 lemures (D:4)
  A scorpion (D:4)
  A necrophage (D:5)
  A howler monkey (D:6)
  3 orc priests
  4 hounds
  2 iguanas (D:5)
  An orc wizard (D:6)
  8 adders
  2 worms
  2 dart slugs
  14 orcs
  3 bats
  8 endoplasms
  A giant cockroach (D:4)
  4 hobgoblins
  7 jackals (D:4)
  2 kobolds
  8 quokkas
  3 ball pythons
  4 frilled lizards
  2 goblins
  2 rats
90 creatures vanquished.

Vanquished Creatures (collateral kills)
  2 foxfires (D:2)
2 creatures vanquished.

Vanquished Creatures (others)
  316 foxfires
316 creatures vanquished.

Grand Total: 408 creatures vanquished

Notes
Turn   | Place    | Note
-------+----------+-------------------------------------------
     0 | D:1      | kae the Demigod Fire Elementalist began the quest for the
                  | Orb.
     0 | D:1      | Reached XP level 1. HP: 14/14 MP: 5/5
    66 | D:1      | Reached skill level 1 in Conjurations
   937 | D:1      | Reached XP level 2. HP: 20/20 MP: 1/7
  1210 | D:2      | Learned a level 2 spell: Scorch
  1261 | D:2      | Noticed an ogre
  1274 | D:2      | Killed an ogre
  1275 | D:2      | Reached XP level 3. HP: 26/26 MP: 1/9
  1275 | D:2      | Reached XP level 4. HP: 33/33 MP: 1/10
  1370 | D:2      | Learned a level 3 spell: Conjure Flame
  2515 | D:2      | Reached XP level 5. HP: 38/38 MP: 12/17
  2524 | D:2      | Learned a level 4 spell: Flame Wave
  2591 | D:3      | Reached XP level 6. HP: 45/45 MP: 15/18
  3320 | D:4      | Noticed Pikel
  3359 | D:3      | Learned a level 3 spell: Inner Flame
  4356 | D:3      | Killed Pikel
  4357 | D:3      | Reached XP level 7. HP: 50/50 MP: 9/19
  4470 | D:5      | Entered Level 5 of the Dungeon
  4893 | D:5      | Reached XP level 8. HP: 55/57 MP: 15/20
  4968 | D:5      | Found a staircase to the Ecumenical Temple.
  5356 | D:5      | Found the +8 trident of the Octopus King {venom, rElec
                  | rPois}
  5423 | D:5      | Reached skill level 1 in Armour
  5616 | D:6      | Succumbed to a water moccasin's poison

Illustrated notes

Levels and vault maps discovered:
D:1:      denvon_arrival_waterhouse, layout_loops_ring, basic_ecumenical_altar
D:2:      layout_loops_ring, kennysheep_flooded_box, guppyfry_early_lair_pool
D:3:      layout_basic, general_overflow_altar
D:4:      layout_gridville, tso_oasis_becter, grunt_ministairs_12,
          nicolae_concentric_dashed_squares_wild, uniq_pikel
D:5:      layout_cave_pools, minmay_temple_entry_grid, supply_closet_lemuel
D:6:      nicolae_BIG_FREAKIN_CUBE, layout_loops_ring,
          mainiacjoe_overflow_alcove_1, nicolae_shop_overcharged_wands,
          uniq_menkaure, uniq_duvessa

Skill      XL: |  1  2  3  4  5  6  7  8 |
---------------+-------------------------+-----
Conjurations   | 1 2 6 7 8 |  8.0
Spellcasting   | 2 6 |  6.1
Fire Magic     | 3 7 8 |  8.0
Armour         | 2 |  2.1
Dodging        | |  1.7
Stealth        | |  1.7

Action                   |  1- 3 |  4- 6 |  7- 9 || total
-------------------------+-------+-------+-------++-------
Melee: Unarmed           |     9 |       |       ||     9
 Cast: Foxfire           |    34 |   119 |    28 ||   181
       Scorch            |       |    24 |    19 ||    43
       Conjure Flame     |       |     2 |       ||     2
       Flame Wave        |       |       |     2 ||     2
Evoke: Wand              |       |     2 |       ||     2
  Use: Scroll            |       |     7 |     2 ||     9
       Potion            |       |     1 |       ||     1
Armor: Robe              |     1 |     6 |    10 ||    17
Dodge: Dodged            |    14 |    19 |    43 ||    76

Table legend: (Time is in decaauts)
 A = Elapsed time spent in this place.
 B = Non-inter-level travel time spent in this place.
 C = Inter-level travel time spent in this place.
 D = Time resting spent in this place.
 E = Time spent auto-exploring this place.
 F = Levels seen in this place.
 G = Mean time per level.
                   A        B        C        D        E       F      G
               +--------+--------+--------+--------+--------+-----+--------+
         Total |   5622 |   5367 |    255 |    508 |   4094 |   6 |  937.0 |
       Dungeon |   5622 |   5367 |    255 |    508 |   4094 |   6 |  937.0 |
               +--------+--------+--------+--------+--------+-----+--------+

Top non-repeatable levels by time:
     D:2: 1554 daAuts
     D:4: 1418 daAuts
     D:1: 1207 daAuts
     D:5: 726 daAuts
     D:3: 694 daAuts
     D:6: 21 daAuts
